 Dungeon Crawl Stone Soup version 0.23.2-1-ga50397a (webtiles) character file.

Game seed: 12885622343777033337

49 Borgoz the Slasher (level 3, -1/28 (29) HPs)
             Began as a Ghoul Gladiator on May 25, 2019.
             Slain by a gnoll
             ... wielding a +0 spear
              (4 damage)
             ... on level 2 of the Dungeon.
             The game lasted 00:01:19 (1157 turns).

Borgoz the Slasher (Ghoul Gladiator)                Turns: 1157, Time: 00:01:20

HP:   -1/28 (29)    AC:  7    Str: 23    XL:     3   Next: 75%
MP:   11/11         EV: 11    Int:  3    God:
Gold: 19            SH:  0    Dex: 10    Spells: 2/2 levels left

rFire    . . .     SeeInvis .   a - +0 long sword
rCold    + . .     Gourm    .   (no shield)
rNeg     + + +     Faith    .   j - +0 scale mail
rPois    ∞         Spirit   .   c - +0 helmet
rElec    .         Reflect  .   (no cloak)
rCorr    .         Harm     .   (no gloves)
MR       .....                  (no boots)
Stlth    ..........             (no amulet)
HPRegen  0.00/turn              i - ring of magical power
MPRegen  0.12/turn              (no ring)

@: mighty, rotting
A: rotting body, claws 1, carnivore, cold resistance 1, negative energy
resistance 3, inhibited regeneration, torment resistance, unbreathing
a: no special abilities


You were on level 2 of the Dungeon.
You were not hungry.

You visited 1 branch of the dungeon, and saw 2 of its levels.

You collected 19 gold pieces.

Inventory:

Hand Weapons
 a - a +0 long sword (weapon)
Missiles
 d - 3 throwing nets (quivered)
Armour
 c - a +0 helmet (worn)
 j - a +0 scale mail (worn)
Jewellery
 b - an uncursed ring of poison resistance {unknown}
 g - an uncursed ring of fire {unknown}
 i - a ring of magical power (left claw)
Scrolls
 e - a scroll of amnesia {unknown}
 h - 3 scrolls of remove curse {unknown}
 l - a scroll of teleportation {unknown}
 m - a scroll of identify {unknown}
Comestibles
 f - 2 rations


   Skills:
 - Level 2.3 Fighting
 * Level 3.5 Long Blades
 - Level 1.8 Throwing
 + Level 1.1 Armour
 + Level 3.1 Dodging


You had 2 spell levels left.
You didn't know any spells.
Your spell library was empty.

Dungeon Overview and Level Annotations

Branches:
Dungeon (2/15)

Altars:


Innate Abilities, Weirdness & Mutations

Your body is rotting away.
You thrive on raw meat.
You are immune to poison.
You have sharp fingernails.
You are carnivorous and can eat meat at any time.
Your flesh is cold resistant. (rC+)
You are immune to negative energy. (rN+++)
You do not regenerate when monsters are visible.
You are immune to unholy pain and torment.
You can survive without breathing.


Message History

You barely miss the gnoll.
The gnoll is severely wounded.
The gnoll hits you but does no damage. The gnoll barely misses you. x2
You closely miss the gnoll.
The gnoll is severely wounded.
The gnoll barely misses you.
The gnoll hits you but does no damage. x2
You hit the gnoll.
You kill the gnoll!
The gnoll hits you from afar with a +0 spear!
The gnoll hits you from afar with a +0 spear.
The gnoll hits you but does no damage.
You are too injured to fight recklessly!
The gnoll hits you with a +0 spear!
* * * LOW HITPOINT WARNING * * *
The gnoll closely misses you.
You riposte.
You closely miss the gnoll.
It was a potion of might.
You feel very mighty all of a sudden. The gnoll closely misses you.
You riposte.
You closely miss the gnoll. The gnoll hits you with a +0 spear.
You die...

#..#.# ######..#.#
......#..#.#
#.....#...
#######.....# #
######...........# ..
#.......?........# ##
......g).........#
.......@......#.##
......g.......####..#
.........####.....(.#
#........# #.####.##
#........# #.#
########## #.# #.#
#.# #.#


You could see 2 gnolls.

Vanquished Creatures
  A gnoll (D:2)
  A dart slug (D:2)
  2 leopard geckos
  3 giant cockroaches (D:1)
  6 goblins
  3 hobgoblins (D:1)
  2 jackals (D:1)
  3 bats
  3 frilled lizards (D:1)
  5 kobolds
  2 rats (D:1)
31 creatures vanquished.

Notes
Turn   | Place    | Note
-------+----------+-------------------------------------------
     0 | D:1      | Borgoz the Ghoul Gladiator began the quest for the Orb.
     0 | D:1      | Reached XP level 1. HP: 17/17 MP: 0/0
   118 | D:1      | Reached XP level 2. HP: 13/24 MP: 1/1
   327 | D:1      | Reached XP level 3. HP: 22/29 MP: 2/2
  1009 | D:2      | Reached skill level 1 in Armour
  1157 | D:2      | Slain by a gnoll

Skill      XL: |  1  2  3 |
---------------+----------+-----
Long Blades    | 3 |  3.5
Dodging        | 3 |  3.1
Armour         | 1 |  1.1
Fighting       | |  2.3
Throwing       | |  1.8

Action                   || total
-------------------------++-------
Melee: Long sword        ||   104
  Use: Potion            ||     1
  Eat: Chunk             ||    12
Armor: Leather armour    ||    33
       Scale mail        ||    33
Dodge: Dodged            ||   106
       Rpst.: Long sword ||    32
